cohdb
Replays
Latest Replays
All Replays
Popular Replays
Top Player Replays
Match Explorer
How It Works
Community
CoH3 Stats
Reddit
Sign in to upload your games and track your stats! →
Sign in with Steam
Match 45870593
Unlisted
Match 45870593
Overview
Messages
Build Orders
End
Selects Terror Battlegroup
Selects Machine Gun Camouflage
Construct Infanterie Kompanie
Selects Heavy Gunnery
MG 42 Machine Gun Team
Grenadier Squad
GrW 34 Mortar Team
Grenadier Squad
Selects Contempt for the Weak
MG 42 Machine Gun Team
Construct Luftwaffe Kompanie
Flak 30 Anti-aircraft Gun Team
Medical Bunker
Support Elements
Selects Propaganda Leaflet Drop
Propaganda Leaflet Drop
Wirbelwind Flakpanzer
Side Skirts
Propaganda Leaflet Drop
Construct Panzergrenadier Kompanie
MG 42 Bunker
Nebelwerfer 42 Rocket Launcher Team
Nebelwerfer 42 Rocket Launcher Team
Panzergrenadier Squad
Panzergrenadier Squad
StuG III G Assault Gun
Selects V1 Rocket Strike
Propaganda Leaflet Drop
Medical Station
251 Medium Carrier
JTOTHER52
Faust endersun
Hold My Beer
Nile Eagle
A_Smoove
Ithaca
3431238710
Rav3nX
0
0
Comments
sign in to comment!
No comments posted yet!